 Dungeon Crawl Stone Soup version 0.31-a0-354-g827e0957a7 (webtiles) character file.

Game seed: 4850307394140309309

468 AdnanSaban the Cudgeller (level 7, -1/43 HPs)
             Began as a Gargoyle Fighter on July 24, 2023.
             Slain by a gnoll
             ... wielding a +0 club
             ... led by a gnoll bouda
              (4 damage)
             ... on level 4 of the Dungeon.
             The game lasted 00:04:04 (3689 turns).

AdnanSaban the Cudgeller (Gargoyle Fighter)         Turns: 3689, Time: 00:04:05

Health: -1/43      AC: 23    Str: 22    XL:     7   Next: 8%
Magic:  7/7        EV:  3    Int:  8    God:
Gold:   191        SH:  4    Dex:  9    Spells: 6/6 levels left

rFire   . . .        a - +0 flail
rCold   . . .        c - +0 buckler
rNeg    + . .        n - +0 crystal plate armour
rPois   ∞            f - +0 helmet
rElec   +            (no cloak)
rCorr   .            (no gloves)
SInv    .            (no boots)
Will    .....        m - amulet of the acrobat Stlth
                     (no ring)
HPRegen 0.27/turn    (no ring)
MPRegen 0.10/turn

%: acrobat
@: no status effects
A: sickness immunity, AC +4, negative energy resistance 1, electricity
resistance, torment resistance 1, petrification resistance
a: no special abilities


You were on level 4 of the Dungeon.
You visited 1 branch of the dungeon, and saw 5 of its levels.
You also visited: Sewer.

You collected 191 gold pieces.

Inventory:

Hand Weapons
 a - a +0 flail (weapon)
Missiles
 s - 3 poisoned darts (quivered)
Armour
 c - a +0 buckler (worn)
 f - a +0 helmet (worn)
 n - a +0 crystal plate armour (worn)
Jewellery
 m - an amulet of the acrobat (around neck)
 w - a +4 ring of protection
Scrolls
 e - 2 scrolls of immolation {unknown}
 h - 3 scrolls of teleportation {unknown}
 i - 2 scrolls of amnesia {unknown}
 j - 3 scrolls of revelation {unknown}
 o - 3 scrolls of identify {unknown}
 p - 3 scrolls of fog {unknown}
 q - a scroll of enchant armour {unknown}
 r - a scroll of poison {unknown}
 u - a scroll of fear {unknown}
Potions
 b - 3 potions of brilliance {unknown}
 d - a potion of might
 g - a potion of ambrosia {unknown}
 k - 2 potions of magic {unknown}
 l - 2 potions of curing {unknown}
 t - a potion of attraction {unknown}
 v - a potion of enlightenment {unknown}
 x - a potion of lignification {unknown}


   Skills:
 + Level 4.2 Fighting
 + Level 5.6 Maces & Flails
 + Level 0.1 Throwing
 + Level 4.7 Armour
 + Level 0.4 Dodging
 + Level 4.1 Shields


You had 6 spell levels left.
You didn't know any spells.
Your spell library contained the following spells:

 Spells                   Type           Power      Damage    Failure   Level
 Slow                     Hex            0%         N/A       100%        1
 Confusing Touch          Hex            0%         N/A       100%        3
 Hailstorm                Conj/Ice       0%         3d3       100%        3
 Inner Flame              Hex/Fire       0%         N/A       100%        3
 Vampiric Draining        Necr           0%         2d6       100%        3
 Flame Wave               Conj/Fire      0%         2d4       100%        4
 Sticky Flame             Conj/Fire      0%         2d3       100%        4
 Summon Ice Beast         Ice/Summ       0%         N/A       100%        4
 Fireball                 Conj/Fire      0%         3d3       100%        5
 Iskenderun's Battlesphe  Conj           0%         2d6       100%        5
 Conjure Ball Lightning   Conj/Air       0%         3x3d6     100%        6
 Simulacrum               Ice/Necr       0%         N/A       100%        6
 Orb of Destruction       Conj           0%         9d5       100%        7


Dungeon Overview and Level Annotations

Branches:
Dungeon (5/15)              Sewer (visited)
 Temple: D:4-7

Altars:
Fedhas
Nemelex Xobeh
Sif Muna
Yredelemnul
The Shining One

Annotations:
D:3 1 transporter, paps's ghost, amateur OpSh


Innate Abilities, Weirdness & Mutations

You are immune to sickness and miasma.
Your stone body is resilient. (AC +4)
You are immune to poison.
You resist negative energy. (rN+)
You are resistant to electric shocks. (rElec)
You are resistant to unholy torment.
You are immune to petrification.


Message History

The gnoll hits you with a +2 whip of venom.
You are too injured to fight recklessly!
You are too injured to fight recklessly!
You are too injured to fight recklessly!
You barely miss the hound.
The hound is moderately wounded.
The hound bites you but does no damage. The gnoll barely misses you.
You block the gnoll's attack. You block the hound's attack.
The gnoll hits you but does no damage. x2
You closely miss the hound.
The hound is moderately wounded.
You block the hound's attack. The hound bites you but does no damage.
The gnoll hits you but does no damage. x2
You closely miss the hound.
The hound is moderately wounded.
The hound bites you but does no damage. The gnoll hits you with a +0 club.
You block the gnoll's attack. The hound bites you but does no damage.
You completely miss the hound.
The hound is moderately wounded.
The hound bites you but does no damage. The gnoll hits you with a +0 club.
* * * LOW HITPOINT WARNING * * *
The gnoll hits you but does no damage. The hound completely misses you.
You closely miss the hound.
The hound is moderately wounded.
The gnoll is no longer moving quickly.
The gnoll hits you but does no damage. x2
The hound bites you but does no damage.
You hit the hound.
The hound is heavily wounded.
You block the hound's attack. The gnoll hits you with a +0 club.
* * * LOW HITPOINT WARNING * * *
The gnoll hits you with a +2 whip of venom.
* * * LOW HITPOINT WARNING * * *
The hound bites you but does no damage.
You barely miss the hound.
The hound is heavily wounded.
The sentinel's mark upon you fades away.
The hound bites you.
* * * LOW HITPOINT WARNING * * *
The gnoll hits you with a +0 club.
You die...

#.#.##......#......###.......#
#.#.#..>...........##........#
#.#............######..##.####
...#).......#..........##.#
.....)..>.......######.##.#
.............#....# #.##.#
.......)..........####.##.#
......(.....##..g.........#
...............h@g........#
...........###.)..........#
..#.....##.....###........#
###.#.#.##.....#####....###
##......#.......####....#
#..................#.#.##
.......................##
................#..#....#
................#.......#


You could see a hound and 2 gnolls.

Vanquished Creatures
  A black bear (D:4)
  A bullfrog (D:3)
  A jelly (D:4)
  A sleepcap (D:4)
  Terence (D:3)
  An orc wizard (D:2)
  A hell rat (Sewer)
  5 gnolls
  3 river rats (Sewer)
  3 adders
  A worm (D:2)
  2 dart slugs
  9 orcs
  8 ball pythons
  7 endoplasms
  6 giant cockroaches
  6 goblins
  3 hobgoblins
  3 jackals (D:2)
  3 kobolds
  4 quokkas
  A bat (D:1)
  2 frilled lizards
  9 rats
82 creatures vanquished.

Notes
Turn   | Place    | Note
-------+----------+-------------------------------------------
     0 | D:1      | AdnanSaban the Gargoyle Fighter began the quest for the
                  | Orb.
     0 | D:1      | Reached XP level 1. HP: 14/14 MP: 1/1
    28 | D:1      | Found a faded altar of an unknown god.
   209 | D:1      | Reached XP level 2. HP: 19/19 MP: 2/2
   217 | D:1      | You fall into a shaft and drop 1 floor!
   813 | D:1      | Reached XP level 3. HP: 23/23 MP: 3/3
  1244 | D:2      | Reached XP level 4. HP: 18/29 MP: 4/4
  1330 | D:2      | Reached skill level 3 in Maces & Flails
  2022 | D:3      | Noticed Terence
  2031 | D:3      | Killed Terence
  2032 | D:3      | Reached XP level 5. HP: 33/33 MP: 5/5
  2206 | D:3      | Reached skill level 4 in Maces & Flails
  2227 | D:3      | Found a glowing drain.
  2241 | Sewer    | Entered a sewer
  2535 | D:3      | Found a basalt altar of Yredelemnul.
  2772 | D:3      | Reached XP level 6. HP: 37/38 MP: 6/6
  2786 | D:3      | Noticed paps's ghost (amateur OpSh)
  2793 | D:3      | Found a transporter.
  2976 | D:3      | Found a shimmering blue altar of Sif Muna.
  2976 | D:3      | Found a glowing golden altar of the Shining One.
  3106 | D:4      | Found a sparkling altar of Nemelex Xobeh.
  3108 | D:4      | Found a blossoming altar of Fedhas.
  3126 | D:4      | Noticed a black bear
  3143 | D:4      | Killed a black bear
  3144 | D:4      | Reached skill level 5 in Maces & Flails
  3462 | D:4      | Reached XP level 7. HP: 37/43 MP: 7/7
  3640 | D:5      | Entered Level 5 of the Dungeon
  3689 | D:4      | Slain by a gnoll

Illustrated notes

Levels and vault maps discovered:
D:1:      dpeg_arrival_pits, layout_loops_ring,
          shapermc_ecumenical_altar_mp_ritualfount
D:2:      layout_basic
D:3:      layout_loops_ring, mainiacjoe_overflow_tiny_flanked,
          gammafunk_temple_overflow_wave, gammafunk_ghost_stat_death,
          gup_sewer_entry_bubbles, uniq_terence
D:4:      layout_rooms, grunt_temple_overflow_open, kennysheep_generic_room_4
D:5:      lemuel_castle_with_subvaults [lemuel_castle_interior_carwin_2],
          layout_cave_pools, kennysheep_mini_moat, minmay_temple_entry_wispy,
          chequers_ossuary_entry_cave

Skill      XL: |  1  2  3  4  5  6 |
---------------+-------------------+-----
Maces & Flails | 3 4 5 |  5.6
Armour         | 4 |  4.7
Fighting       | 4 |  4.2
Shields        | 4 |  4.1
Throwing       | |  0.1
Dodging        | |  0.4

Action                     |  1- 3 |  4- 6 |  7- 9 || total
---------------------------+-------+-------+-------++-------
  Melee: Flail             |    92 |   223 |    24 ||   339
  Throw: Dart              |       |     3 |       ||     3
 Armour: Scale mail        |    42 |    19 |       ||    61
         Crystal plate arm |       |   139 |    37 ||   176
  Dodge: Dodged            |    52 |    50 |     9 ||   111
  Block: Buckler           |    19 |    48 |    14 ||    81

Table legend: (Time is in decaauts)
 A = Elapsed time spent in this place.
 B = Non-inter-level travel time spent in this place.
 C = Inter-level travel time spent in this place.
 D = Time resting spent in this place.
 E = Time spent auto-exploring this place.
 F = Levels seen in this place.
 G = Mean time per level.
                   A        B        C        D        E       F      G
               +--------+--------+--------+--------+--------+-----+--------+
         Total |   3819 |   3615 |    204 |     70 |   2743 |   6 |  636.5 |
       Dungeon |   3589 |   3385 |    204 |     70 |   2627 |   5 |  717.8 |
         Sewer |    229 |    229 |      0 |      0 |    115 |   1 |  229.0 |
               +--------+--------+--------+--------+--------+-----+--------+

Top non-repeatable levels by time:
     D:2: 1275 daAuts
     D:3: 1013 daAuts
     D:1: 705 daAuts
     D:4: 582 daAuts
   Sewer: 229 daAuts
     D:5: 13 daAuts
